 Dungeon Crawl Stone Soup version 0.24-a0-269-g32ec7ca (webtiles) character file.

Game seed: 15452663321418765182

4497 Klosterheim the Thaumaturge (level 10, -5/53 HPs)
             Began as a Deep Elf Conjurer on Apr 21, 2019.
             Was a Follower of Vehumet.
             Killed by an exploding fulminant prism (39 damage)
             ... created by the player character
             ... on level 10 of the Dungeon.
             The game lasted 00:22:25 (13450 turns).

Klosterheim the Thaumaturge (Deep Elf Conjurer)    Turns: 13450, Time: 00:22:25

Health: -5/53      AC:  8    Str:  5    XL:     10   Next: 16%
Magic:  22/27      EV: 17    Int: 29    God:    Vehumet [*.....]
Gold:   469        SH:  6    Dex: 15    Spells: 23/31 levels left

rFire    . . .     SeeInvis .   h - +2 short sword (venom)
rCold    . . .     Gourm    .   r - +1 buckler
rNeg     . . .     Faith    .   H - +2 robe {Archmagi}
rPois    .         Spirit   .   (no helmet)
rElec    .         Reflect  .   (no cloak)
rCorr    .         Harm     .   (no gloves)
MR       +....                  (no boots)
Stlth    ++........             (no amulet)
HPRegen  0.17/turn              w - +5 ring of intelligence
MPRegen  0.20/turn              o - +4 ring of protection

@: marked
A: no striking features
a: Renounce Religion


You were on level 10 of the Dungeon.
You worshipped Vehumet.
Vehumet was aware of your devotion.
You were not hungry.

You visited 2 branches of the dungeon, and saw 12 of its levels.
You also visited: Sewer.

You collected 469 gold pieces.

Inventory:

Hand Weapons
 h - a +2 short sword of venom (weapon)
Armour
 r - a +1 buckler (worn)
 H - a +2 robe of the Archmagi (worn)
Jewellery
 e - an uncursed ring of protection from fire
 o - a +4 ring of protection (right hand)
 q - an uncursed ring of see invisible
 w - a +5 ring of intelligence (left hand)
 A - an uncursed ring of ice
Wands
 v - a wand of iceblast (6)
 z - a wand of paralysis (10)
 G - a wand of acid (22)
Scrolls
 a - a scroll of identify
 d - 4 scrolls of remove curse
 i - 6 scrolls of teleportation
 j - 3 scrolls of blinking {unknown}
 t - a scroll of random uselessness {unknown}
 y - 3 scrolls of fear
 B - 2 scrolls of magic mapping
 C - a scroll of immolation {unknown}
 D - a scroll of enchant weapon
 F - a scroll of fog {unknown}
Potions
 b - 3 potions of brilliance
 g - a potion of flight {unknown}
 k - 3 potions of lignification
 l - 3 potions of might
 m - 3 potions of agility {unknown}
 n - a potion of heal wounds
 s - 3 potions of curing
 u - 3 potions of degeneration {unknown}
 x - a potion of ambrosia {unknown}
 E - 2 potions of magic {unknown}
 I - a potion of invisibility
Miscellaneous
 p - a box of beasts
Comestibles
 c - 27 rations
 f - 2 chunks of flesh


   Skills:
 * Level 2.0 Fighting
 + Level 7.5 Dodging
 + Level 2.4 Stealth
 - Level 4.0 Shields
 * Level 11.1 Spellcasting
 * Level 10.3 Conjurations
 - Level 4.0 Hexes


You had 23 spell levels left.
You knew the following spells:

 Your Spells              Type           Power        Failure   Level  Hunger
a - Magic Dart            Conj           ####         1%          1    None
b - Dazzling Spray        Conj/Hex       ######       1%          3    None
c - Fulminant Prism       Conj/Hex       ######....   1%          4    None

Your spell library contained the following spells:

 Spells                   Type           Power        Failure   Level  Hunger
 Throw Frost              Conj/Ice       ######       1%          2    None
 Searing Ray              Conj           ######       1%          2    None
 Iskenderun's Mystic Bla  Conj           #######.     1%          4    None
 Force Lance              Conj/Tloc      ######..     4%          4    None


Dungeon Overview and Level Annotations

Branches:
Dungeon (11/15)            Temple (1/1) D:7             Orc (0/2) D:9
   Lair: D:8-11

Altars:
Ashenzari
Cheibriados
Dithmenos
Elyvilon
Fedhas
Gozag
Hepliaklqana
Kikubaaqudgha
Makhleb
Nemelex Xobeh
Okawaru
Qazlal
Ru
Sif Muna
Trog
Uskayaw
Vehumet
Wu Jian
Xom
Yredelemnul
Zin
The Shining One

Shops:
D:6 }


Message History

Aiming: Fulminant Prism (safe; 1% risk of failure)
Press: ? - help, Dir - move target cursor, p - yak You feel a surge of power!
You conjure a prism of explosive energy!
A yak comes into view.
The yak sets off the alarm!
The alarm trap emits a blaring wail!
A sentinel's mark forms upon you.
Your fulminant prism crackles loudly.
The yak gores you!
You hear a howl!
You hear a shout!
You hear two shouts!
You hear a shout! x2
You hear an angry hiss.
You hear a shout! x3
The yak gores you!
Your fulminant prism explodes!
The blast of energy engulfs the yak!!
The yak is heavily wounded.
The blast of energy engulfs the yak!
The yak is moderately wounded.
The blast of energy engulfs you!!!
Ouch! That really hurt!
You die...

###### ##
###....## ...
##.......##YY..
.........Y.Y...
#......Y# ###
###...@## ..#
#....###### #.#
##.#....(.# #.#
#.#.####....
##.#########.#.# #
###.#.##.........#
..).##...###.###.#
##.#..#### #.# #.#
#.###.### #.# #.#


You could see 4 yaks.

Vanquished Creatures
  A troll (D:9)
  A wyvern (D:8)
  A spriggan (D:7)
  A hungry ghost (D:9)
  Menkaure (D:4)
  Purgy (Sewer)
  An ice beast (D:9)
  An orc warrior (D:9)
  A sky beast (D:7)
  A black bear (D:8)
  5 centaurs
  3 ogres
  2 big kobolds (D:7)
  A gnoll sergeant (D:8)
  7 bullfrogs
  2 scorpions
  4 killer bees (D:8)
  11 wights
  A howler monkey (D:4)
  A jelly (D:5)
  A crimson imp (D:6)
  2 quasits (D:8)
  A bullfrog zombie (D:6)
  4 hounds
  7 orc priests
  2 centaur skeletons
  5 orc wizards
  2 bullfrog skeletons
  2 iguanas
  2 worker ants
  A hound zombie (D:4)
  11 gnolls
  5 adders
  A river rat (D:4)
  A shadow imp (D:7)
  An ooze (D:2)
  An adder zombie (D:7)
  3 adder skeletons
  5 dart slugs
  12 leopard geckos
  42 orcs
  5 giant cockroaches
  4 hobgoblins
  10 jackals
  12 kobolds
  3 quokkas
  2 ball pythons
  6 bats
  5 frilled lizards
  7 goblins
  A quokka skeleton (D:3)
  8 rats
221 creatures vanquished.

Vanquished Creatures (others)
  12 fulminant prisms
12 creatures vanquished.

Grand Total: 233 creatures vanquished

Notes
Turn   | Place    | Note
-------+----------+-------------------------------------------
     0 | D:1      | Klosterheim the Deep Elf Conjurer began the quest for the
                  | Orb.
     0 | D:1      | Reached XP level 1. HP: 10/10 MP: 6/6
   293 | D:1      | Reached XP level 2. HP: 11/15 MP: 2/8
  1124 | D:1      | Reached XP level 3. HP: 19/19 MP: 8/10
  1313 | D:1      | Learned a level 3 spell: Dazzling Spray
  1591 | D:2      | Found a burning altar of Makhleb.
  1595 | D:2      | Found a sparkling altar of Nemelex Xobeh.
  1600 | D:2      | Found an opulent altar of Gozag.
  1722 | D:2      | Reached skill level 5 in Conjurations
  1749 | D:2      | Reached skill level 4 in Spellcasting
  2766 | D:3      | Reached XP level 4. HP: 24/24 MP: 4/12
  3635 | D:4      | Found a glowing drain.
  3639 | Sewer    | Entered a sewer
  3656 | Sewer    | Reached skill level 1 in Hexes
  3748 | Sewer    | Noticed Purgy
  3764 | Sewer    | Killed Purgy
  3764 | Sewer    | Reached skill level 1 in Shields
  3764 | Sewer    | Reached XP level 5. HP: 22/28 MP: 2/14
  3956 | D:4      | Found a sacrificial altar of Ru.
  4008 | D:4      | Reached skill level 5 in Spellcasting
  4088 | D:4      | Noticed Menkaure
  4095 | D:4      | HP: 1/28 [Menkaure/nerve-wracking pain (6)]
  4336 | D:4      | Killed Menkaure
  4336 | D:4      | Reached XP level 6. HP: 26/32 MP: 2/16
  4454 | D:4      | Learned a level 4 spell: Fulminant Prism
  4728 | D:4      | Found an ornate altar of the Wu Jian Council.
  5024 | D:5      | Entered Level 5 of the Dungeon
  5035 | D:5      | Reached XP level 7. HP: 31/37 MP: 1/17
  5336 | D:5      | Reached skill level 6 in Spellcasting
  5681 | D:5      | Found a deep blue altar of Sif Muna.
  5936 | D:5      | Reached skill level 1 in Fighting
  6437 | D:6      | Found Muweutru's Gadget Boutique.
  6767 | D:6      | Reached XP level 8. HP: 43/43 MP: 0/19
  7486 | D:6      | Reached skill level 7 in Spellcasting
  7681 | D:6      | Reached skill level 5 in Dodging
  8304 | D:6      | Found a hazy altar of Hepliaklqana.
  8304 | D:6      | Found a shadowy altar of Dithmenos.
  8686 | D:7      | Reached skill level 8 in Spellcasting
  9096 | D:7      | Reached XP level 9. HP: 45/48 MP: 11/23
  9202 | D:7      | Found a staircase to the Ecumenical Temple.
  9244 | Temple   | Entered the Ecumenical Temple
  9448 | Temple   | Became a worshipper of Vehumet
  9963 | D:8      | Reached skill level 9 in Spellcasting
 11410 | D:8      | Reached skill level 10 in Spellcasting
 11416 | D:8      | Reached * piety under Vehumet
 11416 | D:8      | Offered knowledge of Flame Tongue by Vehumet.
 11439 | D:8      | HP: 1/48 [wight/+4 morningstar (13)]
 12079 | D:9      | Found a staircase to the Orcish Mines.
 12521 | D:9      | Noticed a troll
 12541 | D:9      | Killed a troll
 12541 | D:9      | Reached skill level 10 in Conjurations
 12541 | D:9      | Reached XP level 10. HP: 36/53 MP: 7/26
 12891 | D:9      | Reached skill level 11 in Spellcasting
 13210 | D:9      | You fall through a shaft for 2 floors!
 13222 | D:10     | Entered Level 10 of the Dungeon
 13407 | D:10     | Offered knowledge of Throw Frost by Vehumet.
 13450 | D:10     | Killed by an exploding fulminant prism

Levels and vault maps discovered:
D:1:      scummos_arrival_simple_fountains, layout_basic
D:2:      layout_loops_ring, minmay_overflow_temple_star_quad, st_stairs_8
D:3:      layout_loops_corners, first_ration, roderic_malta_cross
D:4:      layout_loops_ring, lemuel_round_altar, nicolae_ru_awakened_eye,
          gup_sewer_entry_bowl, uniq_menkaure
D:5:      layout_basic, basic_altar
D:6:      layout_layer_cave, gammafunk_temple_overflow_elements, serial_shops,
          shop
D:7:      layout_loops_ring, minmay_temple_entry_gardened_gates, minivault_26,
          the_bakery
D:8:      layout_basic
D:9:      layout_small_grid, david_orc_2
D:10:     layout_loops_ring, dpeg_oklobed_lair, fedhas_altar_4
D:11:     minmay_the_grid_square_5x5_4x4 [minmay_the_grid_square_5x5_v,
          minmay_the_grid_square_5x5_minibox,
          minmay_the_grid_square_5x5_shuriken, minmay_the_grid_square_5x5_six,
          minmay_the_grid_square_5x5_three,
          minmay_the_grid_square_5x5_prize_itemx,
          minmay_the_grid_square_5x5_prize_monsterx,
          minmay_the_grid_square_5x5_spiral_small,
          minmay_the_grid_square_5x5_broken_cross,
          minmay_the_grid_square_5x5_prize_snowflake,
          minmay_the_grid_square_5x5_prize_deathbox,
          minmay_the_grid_square_5x5_comb,
          minmay_the_grid_square_5x5_eight_small,
          minmay_the_grid_square_5x5_two_walls_b,
          minmay_the_grid_square_5x5_plus, minmay_the_grid_square_5x5_longway],
          layout_cave_pools
Temple:   regret_index_temple_generic_petals
Sewer:    sewer_the_crocodile

Skill      XL: |  1  2  3  4  5  6  7  8  9 10 |
---------------+-------------------------------+-----
Dodging        | 3 4 5 7 |  7.5
Conjurations   | 5 6 8 10 | 10.3
Spellcasting   | 4 5 6 8 10 11 | 11.1
Hexes          | 1 2 3 4 |  4.0
Shields        | 1 2 3 4 |  4.0
Fighting       | 1 2 |  2.0
Stealth        | |  2.4

Action                   |  1- 3 |  4- 6 |  7- 9 | 10-12 || total
-------------------------+-------+-------+-------+-------++-------
Melee: Short sword       |     1 |     6 |   110 |     1 ||   118
 Cast: Magic Dart        |    83 |    50 |   289 |    69 ||   491
       Dazzling Spray    |     3 |    21 |   111 |     3 ||   138
       Fulminant Prism   |       |     2 |     7 |     4 ||    13
  Use: Scroll            |       |    11 |     2 |       ||    13
       Potion            |       |     1 |     4 |       ||     5
 Stab: Invisible         |     1 |     1 |     1 |       ||     3
  Eat: Chunk             |     6 |     7 |    20 |     3 ||    36
       Ration            |       |       |     1 |       ||     1
Armor: Robe              |     3 |     1 |    39 |     8 ||    51
Dodge: Dodged            |    10 |    19 |   182 |    10 ||   221
Block: Buckler           |       |     4 |    62 |     6 ||    72

Table legend:
 A = Non-vault XP
 B = Vault XP
 C = Vault XP percentage of total XP
 D = Non-vault monster count
 E = Vault monster count
 F = Vault count percentage of total count
                 A         B        C        D         E       F
            +---------+---------+-------+---------+---------+-------
      Total |    5869 |     556 |   8.7 |     204 |      17 |   7.7
            +---------+---------+-------+---------+---------+-------
        D:1 |      42 |       0 |   0.0 |      24 |       0 |   0.0
        D:2 |      26 |       0 |   0.0 |      13 |       0 |   0.0
        D:3 |      61 |       0 |   0.0 |      19 |       0 |   0.0
        D:4 |     233 |     188 |  44.7 |       8 |       3 |  27.3
        D:5 |     491 |       0 |   0.0 |      21 |       0 |   0.0
        D:6 |     909 |       0 |   0.0 |      29 |       0 |   0.0
        D:7 |     829 |     205 |  19.8 |      25 |       1 |   3.8
        D:8 |    1506 |       0 |   0.0 |      35 |       0 |   0.0
        D:9 |    1684 |      21 |   1.2 |      26 |       7 |  21.2
       D:10 |      88 |       0 |   0.0 |       4 |       0 |   0.0
      Sewer |       0 |     142 | 100.0 |       0 |       6 | 100.0
            +---------+---------+-------+---------+---------+-------
